TOP OF THE 1ST |
State College Spikes batting - Pitching for Athens Assassins : RHP António Molina
|
Pitching: RHP António Molina
|
|
Batting: RHB Luis Quezada
|
0-0: Bunted foul 0-1: Ball 1-1: Ball 2-1: Ball 3-1: Foul Ball, location: 2F 3-2: Base on Balls
|
Batting: RHB Piotr Zahn
|
0-0: Ball 1-0: Ball 2-0: Called Strike 2-1: Ball 3-1: Foul Ball, location: 2F 3-2: Strikes out looking Luis Quezada steals 2nd base Batter strikes out.
|
Batting: SHB Thomas Simmons
|
0-0: Foul Ball, location: 2F 0-1: Ball 1-1: SINGLE (Line Drive, 8LS) Luis Quezada to third Runner from 3rd tries for Home, SAFE, no throw
|
Batting: RHB Alonzo Herrera
|
0-0: Foul Ball, location: 2F 0-1: Fielders Choice at 2nd, 1-6 (Groundball, 13)
|
Batting: LHB Phil Neal
|
0-0: Ball 1-0: Ball 2-0: Ball 3-0: Base on Balls Alonzo Herrera to second
|
Batting: RHB Luis Montoya
|
0-0: Reached on error, E5 (Groundball, 25) Alonzo Herrera to third Phil Neal to second
|
Batting: RHB Will Stafford
|
0-0: Ball 1-0: Foul Ball, location: 2F 1-1: Called Strike 1-2: Single, Error in OF, E8, batter to second base Alonzo Herrera scores Phil Neal scores Luis Montoya to third
|
Batting: LHB Wally Harris
|
0-0: Ball 1-0: Ball 2-0: Ball 3-0: Base on Balls
|
Batting: LHB Burt Ward
|
0-0: Ball 1-0: Called Strike 1-1: Fielders Choice at 2nd, 4-6 (Groundball, 4D)
|
Top of the 1st over - 3 run(s), 2 hit(s), 2 error(s), 2 left on base; State College 3 - Athens 0 |
BOTTOM OF THE 1ST |
Athens Assassins batting - Pitching for State College Spikes : RHP Wyatt Anderson
|
Pitching: RHP Wyatt Anderson
|
|
Batting: LHB Miguel García
|
0-0: Called Strike 0-1: Foul Ball, location: 2F 0-2: Ball 1-2: Strikes out swinging
|
Batting: RHB Luis López
|
0-0: Swinging Strike 0-1: Called Strike 0-2: Ball 1-2: Foul Ball, location: 2F 1-2: Strikes out swinging
|
Batting: RHB Foster Hapgood
|
0-0: SINGLE (Groundball, 3D)
|
Batting: LHB Xavier Smith
|
0-0: Foul Ball, location: 2F 0-1: Ball 1-1: Swinging Strike 1-2: Ball 2-2: Ball 3-2: Strikes out looking
|
Bottom of the 1st over - 0 run(s), 1 hit(s), 0 error(s), 1 left on base; State College 3 - Athens 0 |
TOP OF THE 2ND |
State College Spikes batting - Pitching for Athens Assassins : RHP António Molina
|
Batting: RHB Luis Quezada
|
0-0: Ball 1-0: Ground out 5-3 (Groundball, 56)
|
Batting: RHB Piotr Zahn
|
0-0: Ball 1-0: SINGLE (Line Drive, 9LS)
|
Batting: SHB Thomas Simmons
|
0-0: Swinging Strike 0-1: Ball 1-1: Called Strike 1-2: Foul Ball, location: 2F 1-2: Ball 2-2: SINGLE (Line Drive, 34D) Piotr Zahn to second
|
Batting: RHB Alonzo Herrera
|
0-0: Ball 1-0: Ball 2-0: Called Strike 2-1: Ball 3-1: Base on Balls Piotr Zahn to third Thomas Simmons to second
|
Batting: LHB Phil Neal
|
0-0: Ball 1-0: Ball 2-0: Ball 3-0: Base on Balls Piotr Zahn scores Thomas Simmons to third Alonzo Herrera to second
|
Batting: RHB Luis Montoya
|
0-0: SINGLE (Line Drive, 4D) Thomas Simmons scores Alonzo Herrera to third Phil Neal to second Runner from 3rd tries for Home, SAFE, no throw
|
Batting: RHB Will Stafford
|
0-0: Ball 1-0: Grounds into double play, 5-4-3 (Groundball, 5)
|
Top of the 2nd over - 3 run(s), 3 hit(s), 0 error(s), 1 left on base; State College 6 - Athens 0 |
BOTTOM OF THE 2ND |
Athens Assassins batting - Pitching for State College Spikes : RHP Wyatt Anderson
|
Batting: RHB Júlio Castillo
|
0-0: Ball 1-0: SINGLE (Groundball, 6MD)
|
Batting: LHB Jeff Thompson
|
0-0: Called Strike 0-1: Fly out, F7 (Flyball, 7LS)
|
Batting: RHB Bill Davis
|
0-0: Ball 1-0: Foul Ball, location: 2F 1-1: SINGLE (Groundball, 4M) (infield hit) Júlio Castillo to second
|
Batting: RHB Britt Short
|
0-0: Ball 1-0: Ball 2-0: Foul Ball, location: 2F 2-1: Fielders Choice at 2nd, 6-4 (Groundball, 6) Júlio Castillo to third
|
Batting: RHB Alfonso Flores
|
0-0: Called Strike 0-1: Ball 1-1: Foul Ball, location: 2F 1-2: Ball 2-2: Ball 3-2: Base on Balls Britt Short to second
|
Batting: LHB Miguel García
|
0-0: Ball 1-0: Called Strike 1-1: Foul Ball, location: 2F 1-2: Ball 2-2: Foul Ball, location: 2F 2-2: Strikes out swinging
|
Bottom of the 2nd over - 0 run(s), 2 hit(s), 0 error(s), 3 left on base; State College 6 - Athens 0 |
TOP OF THE 3RD |
State College Spikes batting - Pitching for Athens Assassins : RHP António Molina
|
Batting: LHB Wally Harris
|
0-0: Ball 1-0: Ball 2-0: Called Strike 2-1: SINGLE (Groundball, 6D)
|
Batting: LHB Burt Ward
|
0-0: Called Strike 0-1: Foul Ball, location: 2F 0-2: Foul Ball, location: 2F 0-2: Ball 1-2: Foul Ball, location: 2F 1-2: Fly out, F7 (Flyball, 7)
|
Batting: RHB Luis Quezada
|
0-0: Ball Throwing error on steal attempt, E2 Wally Harris to third 1-0: Called Strike 1-1: Ball 2-1: Fly out, F4 (Line Drive, 4) Lined into DP, 4-5 (Line Drive, 4)
|
Top of the 3rd over - 0 run(s), 1 hit(s), 1 error(s), 0 left on base; State College 6 - Athens 0 |
BOTTOM OF THE 3RD |
Athens Assassins batting - Pitching for State College Spikes : RHP Wyatt Anderson
|
Batting: RHB Luis López
|
0-0: Ball 1-0: Ball 2-0: Ball 3-0: Called Strike 3-1: Fly out, F8 (Flyball, 8LS)
|
Batting: RHB Foster Hapgood
|
0-0: Foul Ball, location: 2F 0-1: Ball 1-1: Foul Ball, location: 2F 1-2: Ball 2-2: Strikes out swinging
|
Batting: LHB Xavier Smith
|
0-0: Called Strike 0-1: Ball 1-1: Ball 2-1: SINGLE (Line Drive, 78M)
|
Batting: RHB Júlio Castillo
|
0-0: Called Strike 0-1: Swinging Strike 0-2: Strikes out swinging
|
Bottom of the 3rd over - 0 run(s), 1 hit(s), 0 error(s), 1 left on base; State College 6 - Athens 0 |
TOP OF THE 4TH |
State College Spikes batting - Pitching for Athens Assassins : RHP António Molina
|
Batting: RHB Piotr Zahn
|
0-0: Ball 1-0: Foul Ball, location: 2F 1-1: Called Strike 1-2: Strikes out swinging
|
Batting: SHB Thomas Simmons
|
0-0: Called Strike 0-1: Swinging Strike 0-2: Ball 1-2: Strikes out swinging
|
Batting: RHB Alonzo Herrera
|
0-0: Foul Ball, location: 2F 0-1: Called Strike 0-2: Ball 1-2: Strikes out swinging
|
Top of the 4th over - 0 run(s), 0 hit(s), 0 error(s), 0 left on base; State College 6 - Athens 0 |
BOTTOM OF THE 4TH |
Athens Assassins batting - Pitching for State College Spikes : RHP Wyatt Anderson
|
Batting: LHB Jeff Thompson
|
0-0: Ball 1-0: Called Strike 1-1: Fly out, F7 (Flyball, 7S)
|
Batting: RHB Bill Davis
|
0-0: Ball 1-0: Called Strike 1-1: SINGLE (Groundball, 34D)
|
Batting: RHB Britt Short
|
0-0: Ball 1-0: Called Strike 1-1: Fly out, F9 (Line Drive, 9)
|
Batting: RHB Alfonso Flores
|
0-0: Foul Ball, location: 2F 0-1: Called Strike 0-2: Ball 1-2: Ball 2-2: Strikes out swinging
|
Bottom of the 4th over - 0 run(s), 1 hit(s), 0 error(s), 1 left on base; State College 6 - Athens 0 |
TOP OF THE 5TH |
State College Spikes batting - Pitching for Athens Assassins : RHP António Molina
|
Pitching: RHP James Mantle
|
|
Batting: LHB Phil Neal
|
0-0: Swinging Strike 0-1: Ball 1-1: Called Strike 1-2: Strikes out looking
|
Batting: RHB Luis Montoya
|
0-0: Ball 1-0: Ball 2-0: Called Strike 2-1: Foul Ball, location: 2F 2-2: SINGLE (Flyball, 8LS)
|
Batting: RHB Will Stafford
|
0-0: Called Strike 0-1: Foul Ball, location: 2F 0-2: Fly out, F6 (Popup, 6S)
|
Batting: LHB Wally Harris
|
0-0: Ball 1-0: Ball 2-0: DOUBLE (Flyball, 8RM) Luis Montoya to third
|
Batting: LHB Burt Ward
|
0-0: Called Strike 0-1: Ball 1-1: Ball 2-1: Ball 3-1: Foul Ball, location: 2F 3-2: Foul Ball, location: 2F 3-2: Base on Balls
|
Batting: RHB Luis Quezada
|
0-0: Called Strike 0-1: Ball 1-1: Foul Ball, location: 2F 1-2: Ball 2-2: Fielders Choice at 2nd, 4-6 (Groundball, 4)
|
Top of the 5th over - 0 run(s), 2 hit(s), 0 error(s), 2 left on base; State College 6 - Athens 0 |
BOTTOM OF THE 5TH |
Athens Assassins batting - Pitching for State College Spikes : RHP Wyatt Anderson
|
Batting: LHB Miguel García
|
0-0: Fly out, F7 (Flyball, 7)
|
Batting: RHB Luis López
|
0-0: Called Strike 0-1: Ball 1-1: Foul Ball, location: 2F 1-2: Foul Ball, location: 2F 1-2: Strikes out swinging
|
Batting: RHB Foster Hapgood
|
0-0: Ball 1-0: Swinging Strike 1-1: Swinging Strike 1-2: SOLO HOME RUN (Flyball, 7D), Distance : 357 ft
|
Batting: LHB Xavier Smith
|
0-0: Foul Ball, location: 2F 0-1: Foul Ball, location: 2F 0-2: Hit by Pitch
|
Pitching: RHP Mark Osborne
|
|
Batting: RHB Júlio Castillo
|
0-0: Foul Ball, location: 2F 0-1: Called Strike 0-2: Strikes out swinging
|
Bottom of the 5th over - 1 run(s), 1 hit(s), 0 error(s), 1 left on base; State College 6 - Athens 1 |
TOP OF THE 6TH |
State College Spikes batting - Pitching for Athens Assassins : RHP James Mantle
|
Batting: RHB Piotr Zahn
|
0-0: Called Strike 0-1: SINGLE (Groundball, 4MD)
|
Batting: SHB Thomas Simmons
|
0-0: Called Strike 0-1: Ball 1-1: Ball 2-1: Fielders Choice at 2nd, 3-6 (Groundball, 34)
|
Batting: RHB Alonzo Herrera
|
0-0: Swinging Strike 0-1: SINGLE (Line Drive, 78M) Thomas Simmons to second
|
Batting: LHB Phil Neal
|
0-0: Ball Thomas Simmons steals 3rd base Alonzo Herrera to second 1-0: Ball 2-0: Ball 3-0: Called Strike 3-1: Foul Ball, location: 2F 3-2: Strikes out looking
|
Batting: RHB Luis Montoya
|
0-0: Ball 1-0: Foul Ball, location: 2F 1-1: Ball 2-1: Ball 3-1: Foul Ball, location: 2F 3-2: Fly out, F9 (Flyball, 9S)
|
Top of the 6th over - 0 run(s), 2 hit(s), 0 error(s), 2 left on base; State College 6 - Athens 1 |
BOTTOM OF THE 6TH |
Athens Assassins batting - Pitching for State College Spikes : RHP Mark Osborne
|
Batting: LHB Jeff Thompson
|
0-0: Ball 1-0: Called Strike 1-1: Ground out 3-1 (Groundball, 34S)
|
Batting: RHB Bill Davis
|
0-0: Ball 1-0: Ball 2-0: Ball 3-0: Called Strike 3-1: Foul Ball, location: 2F 3-2: Base on Balls
|
Batting: RHB Britt Short
|
0-0: Ball 1-0: Foul Ball, location: 2F 1-1: Ball 2-1: Swinging Strike 2-2: Ball 3-2: Base on Balls Bill Davis to second
|
Batting: RHB Alfonso Flores
|
0-0: Ball 1-0: Ball 2-0: Fielders Choice at 2nd, 5-4 (Groundball, 56) Bill Davis to third
|
Batting: LHB Miguel García
|
0-0: SINGLE (Groundball, 34D) Bill Davis scores Alfonso Flores to second Runner from 2nd tries for 3rd, SAFE, no throw
|
Batting: RHB Luis López
|
0-0: Called Strike 0-1: Ball 1-1: Foul Ball, location: 2F 1-2: Ball 2-2: SINGLE (Flyball, 89S) Alfonso Flores scores Miguel García to second
|
Batting: RHB Foster Hapgood
|
0-0: Foul Ball, location: 2F 0-1: Ball 1-1: Ball 2-1: Foul Ball, location: 2F 2-2: Foul Ball, location: 2F 2-2: Strikes out swinging
|
Bottom of the 6th over - 2 run(s), 2 hit(s), 0 error(s), 2 left on base; State College 6 - Athens 3 |
TOP OF THE 7TH |
State College Spikes batting - Pitching for Athens Assassins : RHP James Mantle
|
Batting: RHB Will Stafford
|
0-0: Swinging Strike 0-1: Swinging Strike 0-2: Ground out 5-3 (Groundball, 56)
|
Batting: LHB Wally Harris
|
0-0: Called Strike 0-1: Ball 1-1: Ball 2-1: Ball 3-1: Base on Balls
|
Batting: LHB Burt Ward
|
0-0: Ball 1-0: Called Strike 1-1: Foul Ball, location: 2F 1-2: Strikes out looking
|
Pitching: RHP Kieron Lahyani
|
|
Batting: RHB Luis Quezada
|
0-0: Called Strike 0-1: Ball 1-1: Called Strike 1-2: Foul Ball, location: 2F 1-2: Ball 2-2: Ball 3-2: Base on Balls Wally Harris to second
|
Batting: RHB Piotr Zahn
|
0-0: SINGLE (Line Drive, 6D) Wally Harris to third Luis Quezada to second
|
Pinch Hitting: RHB Tony Parker
|
0-0: Swinging Strike 0-1: Foul Ball, location: 2F 0-2: Ball 1-2: Ball 2-2: Ball 3-2: Strikes out swinging
|
Top of the 7th over - 0 run(s), 1 hit(s), 0 error(s), 3 left on base; State College 6 - Athens 3 |
BOTTOM OF THE 7TH |
Athens Assassins batting - Pitching for State College Spikes : RHP Mark Osborne
|
Now in RF: Tony Parker
|
|
Batting: LHB Xavier Smith
|
0-0: Ball 1-0: Swinging Strike 1-1: Ground out 4-3 (Groundball, 4)
|
Batting: RHB Júlio Castillo
|
0-0: Ball 1-0: Foul Ball, location: 2F 1-1: Foul Ball, location: 2F 1-2: Strikes out swinging
|
Batting: LHB Jeff Thompson
|
0-0: Ball 1-0: Called Strike 1-1: Foul Ball, location: 2F 1-2: Fly out, F7 (Flyball, 7LMF)
|
Bottom of the 7th over - 0 run(s), 0 hit(s), 0 error(s), 0 left on base; State College 6 - Athens 3 |
TOP OF THE 8TH |
State College Spikes batting - Pitching for Athens Assassins : RHP Kieron Lahyani
|
Batting: RHB Alonzo Herrera
|
0-0: Foul Ball, location: 2F 0-1: Foul Ball, location: 2F 0-2: Strikes out looking
|
Batting: LHB Phil Neal
|
0-0: Called Strike 0-1: Foul Ball, location: 2F 0-2: Ball 1-2: Foul Ball, location: 2F 1-2: Ball 2-2: Ball 3-2: Foul Ball, location: 2F 3-2: Fly out, F7 (Flyball, 7LSF)
|
Now in LF: Maximino Abbado
|
|
Batting: RHB Luis Montoya
|
0-0: Fly out, F4 (Line Drive, 4M)
|
Top of the 8th over - 0 run(s), 0 hit(s), 0 error(s), 0 left on base; State College 6 - Athens 3 |
BOTTOM OF THE 8TH |
Athens Assassins batting - Pitching for State College Spikes : RHP Mark Osborne
|
Batting: RHB Bill Davis
|
0-0: SINGLE (Groundball, 4MD)
|
Pitching: RHP Don Shelton
|
|
Batting: RHB Britt Short
|
0-0: Ball 1-0: Foul Ball, location: 2F 1-1: Foul Ball, location: 2F 1-2: Strikes out swinging
|
Batting: RHB Alfonso Flores
|
0-0: Called Strike 0-1: Grounds into double play, 1-6-3 (Groundball, 13)
|
Bottom of the 8th over - 0 run(s), 1 hit(s), 0 error(s), 0 left on base; State College 6 - Athens 3 |
TOP OF THE 9TH |
State College Spikes batting - Pitching for Athens Assassins : RHP Kieron Lahyani
|
Batting: RHB Will Stafford
|
0-0: Ball 1-0: Reached on error, E5 (Groundball, 5)
|
Batting: LHB Wally Harris
|
0-0: Ground out U3 (Groundball, 3) Will Stafford to third
|
Batting: LHB Burt Ward
|
0-0: Foul Ball, location: 2F 0-1: Called Strike 0-2: Ball 1-2: Ball 2-2: SINGLE (Groundball, 56D) Will Stafford scores
|
Batting: RHB Luis Quezada
|
0-0: Ball 1-0: Ball 2-0: Ball 3-0: Base on Balls Burt Ward to second
|
Batting: RHB Piotr Zahn
|
0-0: Reached on error, E5 (Groundball, 56) Burt Ward to third Luis Quezada to second
|
Batting: RHB Tony Parker
|
0-0: Called Strike 0-1: Ball 1-1: Ball 2-1: Swinging Strike 2-2: Fly out, F9 (Flyball, 89S)
|
Batting: RHB Alonzo Herrera
|
0-0: Swinging Strike 0-1: Foul Ball, location: 2F 0-2: Ball 1-2: Fly out, F3 (Popup, 3)
|
Top of the 9th over - 1 run(s), 1 hit(s), 2 error(s), 3 left on base; State College 7 - Athens 3 |
BOTTOM OF THE 9TH |
Athens Assassins batting - Pitching for State College Spikes : RHP Don Shelton
|
Batting: LHB Miguel García
|
0-0: Called Strike 0-1: Ball 1-1: Ball 2-1: Ball 3-1: SINGLE (Line Drive, 4MD)
|
Batting: RHB Luis López
|
0-0: Ball 1-0: Called Strike 1-1: Foul Ball, location: 2F 1-2: Strikes out looking
|
Batting: RHB Foster Hapgood
|
0-0: Called Strike 0-1: Called Strike 0-2: Ball 1-2: Ball 2-2: Fly out, F7 (Flyball, 7)
|
Batting: RHB Maximino Abbado
|
0-0: Called Strike 0-1: Swinging Strike 0-2: Strikes out looking
|
Bottom of the 9th over - 0 run(s), 1 hit(s), 0 error(s), 1 left on base; State College 7 - Athens 3 |
|